 Dungeon Crawl Stone Soup version 0.27-a0-401-gea03ee85fd (webtiles) character file.

Game seed: 14840872125466108775

77 DavidChitty2 the Magician (level 4, -7/35 HPs)
             Began as a Draconian Hedge Wizard on Feb 21, 2021.
             Mangled by Crazy Yiuf
             ... wielding a +2 quarterstaff of chaos
              (16 damage)
             ... on level 2 of the Dungeon.
             The game lasted 00:06:30 (2820 turns).

DavidChitty2 the Magician (Draconian Hedge Wizard)  Turns: 2820, Time: 00:06:30

Health: -7/35      AC:  5    Str: 13    XL:     4   Next: 14%
Magic:  6/9        EV: 12    Int: 15    God:
Gold:   69         SH:  5    Dex: 10    Spells: 3/9 levels left

rFire    . . .     SeeInvis .   a - +0 dagger
rCold    . . .     Faith    .   (no shield)
rNeg     . . .     Spirit   .   (armour unavailable)
rPois    .         Reflect  +   b - +0 hat
rElec    .         Harm     .   (no cloak)
rCorr    .         Rampage  .   (no gloves)
Will     .....                  (no boots)
Stlth    ++........             k - amulet of reflection
HPRegen  0.11/turn              (no ring)
MPRegen  0.11/turn              (no ring)

@: no status effects
A: unfitting armour, cold-blooded, AC +5
a: no special abilities


You were on level 2 of the Dungeon.
You visited 1 branch of the dungeon, and saw 2 of its levels.

You collected 69 gold pieces.

Inventory:

Hand Weapons
 a - a +0 dagger (weapon)
 c - a +0 hunting sling
   (You found it on level 1 of the Dungeon)
Armour
 b - a +0 hat (worn)
Jewellery
 k - an amulet of reflection (around neck)
   (You found it on level 2 of the Dungeon)
Scrolls
 d - a scroll of blinking {unknown}
 f - 3 scrolls of identify {unknown}
 h - a scroll of teleportation {unknown}
Potions
 e - a potion of curing {unknown}
 g - a potion of degeneration {unknown}
 i - 2 potions of might {unknown}
 j - a potion of mutation {unknown}


   Skills:
 + Level 1.5 Fighting
 - Level 1.7 Dodging
 - Level 1.7 Stealth
 + Level 3.3 Spellcasting
 * Level 2.3 Conjurations
 * Level 2.1 Summonings
 - Level 1.2 Translocations
 + Level 0.0 Air Magic
 + Level 0.1 Poison Magic


You had 3 spell levels left.
You knew the following spells:

 Your Spells              Type           Power        Failure   Level
a - Magic Dart            Conj           36%          8%          1
f - Mephitic Cloud        Conj/Pois/Air  4%           38%         3
x - Call Imp              Summ           8%           12%         2

Your spell library contained the following spells:

 Spells                   Type           Power        Failure   Level
 Blink                    Tloc           N/A          17%         2
 Slow                     Hex            2%           28%         2
 Conjure Flame            Conj/Fire      5%           36%         3


Dungeon Overview and Level Annotations

Branches:
Dungeon (2/15)

Altars:

Annotations:
D:2 Crazy Yiuf


Innate Abilities, Weirdness & Mutations

Your plain brown scales are hard. (AC +5)
You cannot fit into any form of body armour.
You are cold-blooded and may be slowed by cold attacks.


Message History

Your crimson imp hits Crazy Yiuf.
Your crimson imp blinks!
Crazy Yiuf says, "Ice!"
What are your orders? t - Shout!
Orders for allies: a - Attack new target. p - Attack previous target. r - Retreat! s - Stop attacking. g - Guard the area. f - Follow me.
Anything else - Cancel.
Gang up on whom?
Aim: Crazy Yiuf, wielding a +2 quarterstaff of chaos and wearing a +0 cloak (lightly wounded, ally target) Attack!
Your crimson imp disappears in a puff of smoke!
A beastly little devil appears in a puff of frigid air.
Crazy Yiuf says, "East King ladder!"
Crazy Yiuf hits your white imp with a +2 quarterstaff of chaos!
Your white imp blinks!
There is a stone staircase leading up here.
Crazy Yiuf barely misses you.
Crazy Yiuf hits you with a +2 quarterstaff of chaos!
* * * LOW HITPOINT WARNING * * *
Crazy Yiuf burns you.
* * * LOW HITPOINT WARNING * * *
Crazy Yiuf says, "Cake ena blue!"
Crazy Yiuf whimpers, "Action!"
Crazy Yiuf hits you but does no damage.
Crazy Yiuf screams, "Blight return to song broken!"
A metallic apparition takes form in the air.
Crazy Yiuf hits you with a +2 quarterstaff of chaos!
* * * LOW HITPOINT WARNING * * *
Crazy Yiuf draws strength from your wounds!
Crazy Yiuf yells, "Spliff King rumpyflump!"
You block Crazy Yiuf's attack.
Crazy Yiuf says, "Crazy?
Crazy!?
PORCUPINE!"
Crazy Yiuf says, "Defame!
Defame childish fast."
Crazy Yiuf cries, "Pitchfork sing-song meccalolo!"
Crazy Yiuf laughs, "Hack return to song sing-song!"
Crazy Yiuf glowers.
Crazy Yiuf says, "Crazy?
Crazy!?
PORCUPINE!"
Crazy Yiuf says, "Flower!"
Crazy Yiuf screams, "Citrus song King!"
Crazy Yiuf grits, "Paint light alas!"
Crazy Yiuf screams, "Earwax wrapper forty-two!"
Crazy Yiuf closely misses you.
Crazy Yiuf whimpers, "Goldfish fast Xom!"
Crazy Yiuf says, "Snurf forty-two childish!"
A beastly little devil appears in a puff of flame.
Crazy Yiuf hits you but does no damage.
You are electrocuted!
You die...

###.# ####.#....#....... ###.####
#.#....#.#..### .......#####
#........#..# .##.##..>..#
####........# .##.######.#
###.####.### ..รท.# #.#
#.........) .##.# #.# #^..####.##
.##.# #.######### #...# #.# ###.#
#.#...g@.5# #...# #.# ....####
#.#.#####.# #...# #.# ##.....#
#......##.####...####.##
##.....#####.##<#...............#
##........##....................#
##.....##.####..#.....<.........#
##.....##.# #..#######...#######
########### #### #...# # #...#


You could see Crazy Yiuf (ally target) and a friendly crimson imp (summoned).

Vanquished Creatures
  2 oozes
  A dart slug (D:2)
  A leopard gecko (D:2)
  A ball python (D:1)
  4 giant cockroaches (D:1)
  2 goblins (D:2)
  4 hobgoblins (D:2)
  3 jackals (D:2)
  4 kobolds
  6 bats
  3 frilled lizards
  3 rats (D:2)
34 creatures vanquished.

Vanquished Creatures (collateral kills)
  A centaur zombie (D:2)
  2 worms (D:2)
  A jackal (D:2)
4 creatures vanquished.

Grand Total: 38 creatures vanquished

Notes
Turn   | Place    | Note
-------+----------+-------------------------------------------
     0 | D:1      | DavidChitty2 the Draconian Hedge Wizard began the quest for
                  | the Orb.
     0 | D:1      | Reached XP level 1. HP: 14/14 MP: 4/4
   426 | D:1      | Reached XP level 2. HP: 18/22 MP: 0/6
   847 | D:1      | Reached skill level 1 in Fighting
   877 | D:1      | Learned a level 2 spell: Call Imp
  1360 | D:2      | Reached XP level 3. HP: 28/28 MP: 5/7
  1581 | D:2      | Found a runed translucent door.
  1582 | D:2      | Noticed Crazy Yiuf
  2079 | D:2      | Reached XP level 4. HP: 35/35 MP: 6/9
  2109 | D:2      | Learned a level 3 spell: Mephitic Cloud
  2820 | D:2      | Mangled by Crazy Yiuf

Illustrated notes

Levels and vault maps discovered:
D:1:      lightli_arrival_noodles, layout_loops_ring
D:2:      layout_loops_cross, uniq_crazy_yiuf_cottage

Skill      XL: |  1  2  3 |
---------------+----------+-----
Fighting       | 1 |  1.5
Conjurations   | 2 |  2.3
Summonings     | 2 |  2.1
Dodging        | |  1.7
Stealth        | |  1.7
Spellcasting   | |  3.3
Translocations | |  1.2
Poison Magic   | |  0.1

Action                   |  1- 3 |  4- 6 || total
-------------------------+-------+-------++-------
Melee: Dagger            |    35 |       ||    35
       Tailslap          |     5 |       ||     5
 Cast: Magic Dart        |    72 |    15 ||    87
       Call Imp          |     3 |    13 ||    16
Armor: Skin              |    19 |     2 ||    21
Dodge: Dodged            |    34 |     3 ||    37
Block: Other             |     4 |     1 ||     5

Table legend: (Time is in decaauts)
 A = Elapsed time spent in this place.
 B = Non-inter-level travel time spent in this place.
 C = Inter-level travel time spent in this place.
 D = Time resting spent in this place.
 E = Time spent auto-exploring this place.
 F = Levels seen in this place.
 G = Mean time per level.
                   A        B        C        D        E       F      G
               +--------+--------+--------+--------+--------+-----+--------+
         Total |   2820 |   2786 |     34 |   1009 |   1325 |   2 | 1410.0 |
       Dungeon |   2820 |   2786 |     34 |   1009 |   1325 |   2 | 1410.0 |
               +--------+--------+--------+--------+--------+-----+--------+

Top non-repeatable levels by time:
     D:2: 1722 daAuts
     D:1: 1098 daAuts
